 Dungeon Crawl Stone Soup version 0.28-a0-1312-g71652a0310 (webtiles) character file.

Game seed: 14970681280707356276

653844 kipponium the Gnoll Aeon (level 27, -7/222 HPs)
             Began as a Gnoll Ice Elementalist on Dec 23, 2021.
             Was the Champion of Cheibriados.
             Killed by a royal mummy's death curse (20 damage)
             ... on level 2 of the Tomb of the Ancients on Dec 27, 2021.
             The game lasted 11:28:10 (101076 turns).

kipponium the Gnoll Aeon (Gnoll Ice Elementalist) Turns: 101076, Time: 11:28:10

Health: -7/222     AC: 37    Str: 21      XL:     27
Magic:  17/42      EV: 27    Int: 39      God:    Cheibriados [******]
Gold:   7490       SH: 23    Dex: 27 (32) Spells: 5/65 levels left

rFire   + + .      SeeInvis +   Q - +5 morningstar of Jiseps {flame, +Blink rPois rN+ Dex-2}
rCold   + + +      Faith    .   d - +1 kite shield {rC+}
rNeg    + + .      Spirit   .   j - +8 plate armour of the Leaf {rElec rC++ Int+3 Slay+4}
rPois   +          Reflect  .   S - +2 helmet of Crawling {rElec rN+ Str-5 Dex+6}
rElec   +          Harm     .   q - +2 cloak {rCorr}
rCorr   +          Rampage  .   Y - +2 pair of gloves {hurl}
Will    +++..      Clarity  +   z - +2 pair of boots {Fly}
Stlth   +++++.....              W - amulet of Vehairr {RegenMP rF+ rC++}
HPRegen 0.47/turn               U - ring of willpower
MPRegen 0.68/turn               t - ring of Esiblaud {rF+ EV+4}

@: flying, very slightly contaminated, slowed, studying 2 skills, very slow
A: fangs 1, strong nose, distributed training, large bone plates 1, see
invisible, clarity, clumsy 1, deformed body, dopey 1, low mp 1, sturdy frame 1
}: 4/15 runes: serpentine, barnacled, slimy, silver
a: Renounce Religion, Evoke Blink, Bend Time, Temporal Distortion, Slouch, Step
From Time


You were on level 2 of the Tomb of the Ancients.
You worshipped Cheibriados.
Cheibriados was exalted by your worship.
You visited 13 branches of the dungeon, and saw 59 of its levels.
You visited 1 bazaar.
You also visited: Sewer and Ice Cave.

You collected 10298 gold pieces.
You spent 2808 gold pieces at shops.

Inventory:

Hand Weapons
 J - a +1 hand crossbow of flaming
 P - a +5 eveningstar of freezing
 Q - the +5 morningstar of Jiseps (weapon) {flame, +Blink rPois rN+ Dex-2}
   (You found it on level 4 of the Shoals)

   It burns those it strikes, dealing additional fire damage.
   Dex:       It affects your dexterity (-2).
   rPois:     It protects you from poison.
   rN:        It protects you from negative energy.
   +Blink:    It lets you blink.
Missiles
 e - 191 poisoned darts (quivered)
 n - 13 curare-tipped darts
 K - 1611 bolts
 L - 6 silver javelins
Armour
 d - a +1 kite shield of cold resistance (worn)
 j - the +8 plate armour of the Leaf (worn) {rElec rC++ Int+3 Slay+4}
   (You found it on level 4 of the Realm of Zot)

   Int:       It affects your intelligence (+3).
   Slay:      It affects your accuracy & damage with ranged weapons and melee
   (+4).
   rC:        It greatly protects you from cold.
   rElec:     It insulates you from electricity.
 q - a +2 cloak of preservation (worn)
 z - a +2 pair of boots of flying (worn)
 I - the +8 plate armour "Ymnucwag" {rC+ rN+}
   (You found it on level 14 of the Dungeon)

   rC:        It protects you from cold.
   rN:        It protects you from negative energy.
 S - the +2 helmet of Crawling (worn) {rElec rN+ Str-5 Dex+6}
   (You acquired it on level 2 of the Elven Halls)

   Str:       It affects your strength (-5).
   Dex:       It affects your dexterity (+6).
   rElec:     It insulates you from electricity.
   rN:        It protects you from negative energy.
 Y - a +2 pair of gloves of hurling (worn)
Magical Staves
 v - a staff of air
Jewellery
 t - the ring of Esiblaud (right hand) {rF+ EV+4}
   (You took it off a deep elf blademaster on level 3 of the Elven Halls)

   [ring of evasion]

   EV:        It affects your evasion (+4).
   rF:        It protects you from fire.
 u - the ring of Gehu {rPois rC- rCorr Int+6 Dex+4}
   (You found it on level 1 of the Elven Halls)

   [ring of poison resistance]

   Int:       It affects your intelligence (+6).
   Dex:       It affects your dexterity (+4).
   rC:        It makes you vulnerable to cold.
   rPois:     It protects you from poison.
   rCorr:     It protects you from acid and corrosion.
 y - the amulet of Nysukki {Reflect Fragile rC++ Regen+ SH+5}
   (You found it on level 1 of the Crypt)

   [amulet of reflection]

   It reflects blocked missile attacks.
   rC:        It greatly protects you from cold.
   Regen:     It increases your rate of health regeneration.
   Fragile:   It will be destroyed if unequipped.
   SH:        It affects your SH (+5).
 D - a ring of flight
 M - a ring of protection from fire
 U - a ring of willpower (left hand)
 W - the amulet of Vehairr (around neck) {RegenMP rF+ rC++}
   (You took it off a deep elf sorcerer on level 3 of the Elven Halls)

   [amulet of magic regeneration]

   It increases your rate of magic regeneration.
   rF:        It protects you from fire.
   rC:        It greatly protects you from cold.
Wands
 f - a wand of charming (5)
 w - a wand of iceblast (19)
 F - a wand of digging (15)
 R - a wand of acid (7)
 X - a wand of paralysis (23)
Scrolls
 c - 9 scrolls of blinking
 h - 2 scrolls of holy word
 k - 7 scrolls of fog
 m - 12 scrolls of teleportation
 r - 3 scrolls of silence
 s - 8 scrolls of immolation
 C - a scroll of summoning
 E - 5 scrolls of fear
 H - 7 scrolls of magic mapping
Potions
 g - 6 potions of mutation
 l - 2 potions of might
 o - 9 potions of curing
 p - 2 potions of magic
 B - 8 potions of flight
 G - a potion of brilliance
 N - a potion of resistance
Miscellaneous
 a - a lightning rod (4/4)
 b - a condenser vane (inert)
 i - a box of beasts (inert)
 x - a phantom mirror (inert)
 A - a phial of floods (inert)
 O - a tin of tremorstones (2/2)


   Skills:
 + Level 19.3 Fighting
 + Level 19.3 Short Blades
 + Level 19.3 Long Blades
 + Level 19.3 Axes
 + Level 19.3 Maces & Flails
 + Level 19.3 Polearms
 + Level 19.3 Staves
 + Level 19.3 Slings
 + Level 19.3 Bows
 + Level 19.3 Crossbows
 + Level 19.3 Throwing
 + Level 19.3 Armour
 + Level 19.7 Dodging
 + Level 19.7 Stealth
 + Level 19.3 Shields
 + Level 19.3 Unarmed Combat
 + Level 19.8 Spellcasting
 + Level 16.4 Conjurations
 + Level 16.4 Hexes
 + Level 17.0 Summonings
 + Level 16.4 Necromancy
 + Level 16.4 Translocations
 + Level 16.4 Transmutations
 + Level 16.4 Fire Magic
 + Level 17.7 Ice Magic
 + Level 16.4 Air Magic
 + Level 16.4 Earth Magic
 + Level 19.0 Poison Magic
 + Level 20.8 Invocations
 + Level 19.3 Evocations


You had 5 spell levels left.
You knew the following spells:

 Your Spells              Type           Power      Damage    Failure   Level
a - Freeze                Ice            100%       1d11      0%          1
b - Frozen Ramparts       Ice            100%       1d12      0%          3
c - Ozocubu's Armour      Ice            100%       N/A       0%          3
d - Shock                 Conj/Air       100%       1d9       0%          1
e - Hailstorm             Conj/Ice       100%       3d20      1%          4
f - Summon Guardian Gole  Hex/Summ       100%       N/A       0%          3
g - Airstrike             Air            52%        N/A       1%          4
h - Alistair's Intoxicat  Tmut/Pois      72%        N/A       1%          5
i - Summon Lightning Spi  Summ/Air       100%       N/A       1%          4
j - Borgnjor's Vile Clut  Necr/Erth      52%        N/A       1%          5
k - Spellforged Servitor  Conj/Summ      53%        N/A       3%          7
l - Yara's Violent Unrav  Hex/Tmut       52%        3d20      1%          5
m - Enfeeble              Hex            52%        N/A       3%          7
n - Lehudib's Crystal Sp  Conj/Erth      52%        10d12     26%         8

Your spell library contained the following spells:

 Spells                   Type           Power      Damage    Failure   Level
 Apportation              Tloc           100%       N/A       0%          1
 Beastly Appendage        Tmut           100%       N/A       0%          1
 Foxfire                  Conj/Fire      100%       2x1d9     0%          1
 Magic Dart               Conj           100%       1d8       0%          1
 Pain                     Necr           100%       1d9       0%          1
 Summon Small Mammal      Summ           100%       N/A       0%          1
 Blink                    Tloc           100%       N/A       0%          2
 Call Imp                 Summ           100%       N/A       0%          2
 Corpse Rot               Necr/Air       100%       N/A       0%          2
 Ensorcelled Hibernation  Hex/Ice        100%       N/A       0%          2
 Passwall                 Tmut/Erth      87%        N/A       0%          2
 Scorch                   Fire           100%       2d10      0%          2
 Static Discharge         Conj/Air       100%       N/A       0%          2
 Sublimation of Blood     Necr           100%       N/A       0%          2
 Wereblood                Tmut           100%       N/A       0%          2
 Call Canine Familiar     Summ           100%       N/A       0%          3
 Conjure Flame            Conj/Fire      100%       6-21      0%          3
 Dazzling Flash           Conj/Hex       100%       N/A       0%          3
 Gell's Gravitas          Tloc           100%       N/A       0%          3
 Ignite Poison            Fire/Tmut/Pois 100%       N/A       0%          3
 Inner Flame              Hex/Fire       100%       N/A       0%          3
 Lesser Beckoning         Tloc           100%       N/A       0%          3
 Mephitic Cloud           Conj/Pois/Air  100%       N/A       0%          3
 Portal Projectile        Hex/Tloc       100%       N/A       0%          3
 Spider Form              Tmut/Pois      100%       N/A       0%          3
 Swiftness                Air            100%       N/A       0%          3
 Teleport Other           Tloc           100%       N/A       0%          3
 Tukima's Dance           Hex            100%       N/A       0%          3
 Olgreb's Toxic Radiance  Pois           100%       N/A       0%          4
 Animate Dead             Necr           52%        N/A       1%          4
 Cause Fear               Hex            52%        N/A       1%          4
 Dispel Undead            Necr           100%       3d31      1%          4
 Flame Wave               Conj/Fire      100%       2d14      1%          4
 Ice Form                 Ice/Tmut       100%       N/A       1%          4
 Iskenderun's Mystic Bla  Conj/Tloc      100%       2d19      1%          4
 Leda's Liquefaction      Hex/Erth       52%        N/A       1%          4
 Passage of Golubria      Tloc           100%       N/A       1%          4
 Petrify                  Tmut/Erth      100%       N/A       1%          4
 Sticky Flame             Conj/Fire      100%       2d11      1%          4
 Summon Ice Beast         Ice/Summ       100%       N/A       1%          4
 Agony                    Necr           100%       N/A       1%          5
 Blade Hands              Tmut           52%        N/A       1%          5
 Excruciating Wounds      Necr           52%        N/A       1%          5
 Freezing Cloud           Conj/Ice/Air   53%        6-21      1%          5
 Irradiate                Conj/Tmut      52%        3d31      1%          5
 Iskenderun's Battlesphe  Conj           100%       2d15      1%          5
 Lee's Rapid Deconstruct  Erth           52%        3d26*     1%          5
 Lightning Bolt           Conj/Air       52%        1d74      1%          5
 Manifold Assault         Tloc           100%       N/A       1%          5
 Metabolic Englaciation   Hex/Ice        53%        N/A       1%          5
 Silence                  Hex/Air        52%        N/A       1%          5
 Summon Forest            Summ/Tloc      53%        N/A       1%          5
 Summon Mana Viper        Hex/Summ       100%       N/A       1%          5
 Death Channel            Necr           52%        N/A       1%          6
 Eringya's Noxious Bog    Tmut/Pois      54%        N/A       1%          6
 Simulacrum               Ice/Necr       53%        N/A       1%          6
 Starburst                Conj/Fire      52%        6d14      1%          6
 Statue Form              Tmut/Erth      70%        N/A       1%          6
 Summon Cactus Giant      Summ           53%        N/A       1%          6
 Ozocubu's Refrigeration  Ice            54%        4d15      1%          7
 Monstrous Menagerie      Summ           53%        N/A       2%          7
 Summon Hydra             Summ           53%        N/A       2%          7
 Dragon Form              Tmut           52%        N/A       3%          7
 Malign Gateway           Summ/Tloc      53%        N/A       3%          7
 Orb of Destruction       Conj           52%        9d16      3%          7
 Storm Form               Tmut/Air       52%        N/A       3%          7
 Discord                  Hex            52%        N/A       26%         8
 Ignition                 Fire           52%        3d15      26%         8
 Maxwell's Capacitive Co  Air            52%        ∞         26%         8
 Polar Vortex             Ice            54%        N/A       92%         9
 Dragon's Call            Summ           53%        N/A       97%         9


Dungeon Overview and Level Annotations

Branches:
Dungeon (15/15)            Temple (1/1) D:4            Lair (6/6) D:11
 Shoals (4/4) Lair:3        Snake (4/4) Lair:3        Slime (5/5) Lair:5
    Orc (2/2) D:12            Elf (3/3) Orc:2        Vaults (5/5) D:13
  Crypt (3/3) Vaults:2       Tomb (2/3) Crypt:3      Depths (4/4) D:15
    Zot (5/5) Depths:4      Sewer (visited)           IceCv (visited)

Altars:
Ashenzari
Cheibriados
Dithmenos
Elyvilon
Fedhas
Gozag
Hepliaklqana
Kikubaaqudgha
Makhleb
Nemelex Xobeh
Okawaru
Qazlal
Ru
Sif Muna
Trog
Uskayaw
Vehumet
Wu Jian
Xom
Yredelemnul
Zin
The Shining One

Shops:
Orc:1 *   Orc:2 :[!(   Elf:3 *   Shoals:1 [   Shoals:4 *   Snake:1 :=:
Snake:2 *   Snake:3 :[   Vaults:2 [((   Depths:1 !(!?

Portals:
Hell: Depths:1 Depths:2 Depths:3 Depths:4
Abyss: Depths:2 Depths:3
Pandemonium: Depths:2 Depths:4
Ziggurat: Depths:4

Annotations:
Elf:3 3 runed translucent doors, Subbak's ghost, veteran TeCj
Vaults:3 2 transporters, kMk's ghost, veteran OpTm


Innate Abilities, Weirdness & Mutations

You have very sharp teeth.
Your uncanny sense of smell can sniff out nearby items.
Your experience applies equally to all skills.
You are partially covered in large bone plates. (SH +4)
You have supernaturally acute eyesight. (SInv)
You possess an exceptional clarity of mind.
You are clumsy. (Dex -2)
Armour fits poorly on your strangely shaped body.
You are dopey. (Int -2)
Your magical capacity is low. (-10% MP)
Your movements are slightly less encumbered by armour. (ER -2)


Message History

The guardian mummy is charmed.
The death scarab barely misses your guardian mummy.
The death scarab bites your guardian mummy!
The death scarab drains your guardian mummy's vigour!
Your guardian mummy seems to slow down.
The death scarab barely misses your guardian mummy.
The royal mummy hits your spellforged servitor but does no damage.
The skeletal warrior closely misses your spellforged servitor.
Your elder batweird beast hits the royal mummy!
Your elder batweird beast grabs the royal mummy.
Your elder batweird beast constricts the royal mummy!
You block the guardian mummy's attack.
The guardian mummy hits your elder batweird beast!!
The royal mummy struggles to escape constriction.
The skeletal warrior closely misses your spellforged servitor.
Casting: Lehudib's Crystal Spear (dangerous; 26% risk of failure)
Confirm with . or Enter, or press ? or * to list all spells.
Aiming: Borgnjor's Vile Clutch (safe; 1% risk of failure)
Press: ? - help, Shift-Dir - straight line, p - guardian mummy
Okay, then.
Casting: Borgnjor's Vile Clutch (safe; 1% risk of failure)
Confirm with . or Enter, or press ? or * to list all spells.
Aiming: Yara's Violent Unravelling (safe; 1% risk of failure)
Press: ? - help, Dir - move target, p - guardian mummy
Okay, then.
As you read the scroll of fog, it crumbles to dust.
The scroll dissolves into smoke.
The death scarab bites your guardian mummy!
The death scarab drains your guardian mummy's vigour!
Your guardian mummy seems to slow down.
The death scarab bites your guardian mummy.
Your elder batweird beast hits the guardian mummy.
Your elder batweird beast constricts the royal mummy!
Your spellforged servitor gestures at the royal mummy while chanting.
The crystal spear hits the royal mummy!!!!
The royal mummy is destroyed!
Cheibriados thoroughly appreciates the change of pace.
You feel extremely nervous for a moment...
Pain shoots through your body!!
You die...

∆ .
##############M#
#@M9z.(.........
#M§HM.≈.....M...
#M§§≈≈≈..§§.....
#.M≈≈≈≈M...§$... ∆
#..9≈≈≈...§..... ∆
#..≈≈≈≈...^.....
#..#...?.°......
#..#...^.°###..?..
#.....#9..#...


You could see a guardian mummy, a mummy, a friendly elder batweird beast
(summoned, slow), a friendly spellforged servitor (summoned) and a friendly
guardian mummy (charmed, unaware, slow).

Vanquished Creatures
  the Royal Jelly (Slime:5)
  3 dread liches
  Tiamat (Zot:1)
  4 orbs of fire
  4 ancient liches
  2 juggernauts (Depths:3)
  Sojobo (Vaults:4)
  2 royal mummies (Tomb:1)
  Frederick (Crypt:2)
  Saint Roka (Vaults:3)
  A caustic shrike (Depths:3)
  2 Killer Klowns (Zot:5)
  5 curse toes
  9 golden dragons
  Jory (Vaults:3)
  A bone dragon (Depths:4)
  An electric golem (Zot:1)
  A shard shrike zombie (Crypt:3)
  Jorgrun (Orc:2)
  23 Orb Guardians (Zot:5)
  Mlioglotl (Shoals:4)
  15 tentacled monstrosities
  4 liches
  A walking frostbound tome (Depths:3)
  A walking crystal tome (Depths:3)
  3 titans
  A deep elf master archer (Elf:3)
  5 quicksilver dragons
  Agnes (Snake:4)
  16 acid blobs
  9 tengu reavers
  6 shadow dragons
  6 death cobs
  2 sphinxes (Tomb:1)
  Gastronok (Orc:1)
  14 storm dragons
  7 draconian monks
  3 revenants
  4 nagarajas
  Donald (Vaults:3)
  8 rockslimes
  3 ghost moths
  An iron dragon (Vaults:5)
  4 deep elf sorcerers (Elf:3)
  10 azure jellies
  9 frost giants
  2 fire giants
  3 draconian knights
  Louise (Snake:1)
  6 draconian scorchers
  2 balrugs (Depths:4)
  Aizul (Snake:1)
  20 vault wardens
  5 draconian shifters
  A caustic shrike zombie (Tomb:2)
  2 curse skulls (Crypt:3)
  3 spriggan defenders
  2 ghouls (Crypt:1)
  3 deep elf elementalists (Elf:3)
  9 quicksilver oozes
  5 draconian stormcallers
  4 war gargoyles
  8 draconian annihilators
  12 ironbound preservers
  6 reapers (Crypt:3)
  6 very ugly things
  9 stone giants
  9 green draconians
  2 deep elf demonologists
  4 ironbound thunderhulks
  The ghost of jt the Severer, a journeyman HOWn of Yredelemnul (Orc:2)
  6 vampire knights
  The ghost of Vaanwiku the Fighter, a journeyman GrFi of Okawaru (Depths:3)
  A deep elf annihilator (Elf:3)
  A purple draconian (Zot:1)
  A bennu (Tomb:1)
  12 black draconians
  8 dire elephants
  13 red draconians
  4 entropy weavers
  A spark wasp (Depths:2)
  An entropy weaver (shapeshifter) (Depths:3)
  5 yellow draconians
  11 white draconians
  4 deep elf death magi
  4 eidola
  A quicksilver dragon zombie (Crypt:3)
  4 mummy priests
  16 yaktaur captains
  7 merfolk impalers
  7 fire dragons
  9 jiangshi
  8 ettins
  5 deep elf high priests
  8 great orbs of eyes
  6 boulder beetles
  6 spriggan air magi
  2 salamander tyrants
  6 nameless horrors
  5 naga warriors
  9 ice dragons
  A peacekeeper (Vaults:4)
  31 vault guards
  A hydra (shapeshifter) (Vaults:5)
  10 hydras
  2 ogre magi (Vaults:5)
  2 alligator snapping turtles
  2 catoblepae
  2 fenstrider witch zombies
  2 merfolk avatars
  7 ironbound frosthearts
  9 two-headed ogres
  25 dancing weapons
  2 spriggan skeletons (Crypt:3)
  6 tengu warriors
  15 anacondas
  7 centaur warriors
  A death knight (D:13)
  7 death scarabs (Tomb:1)
  6 deep troll shamans
  4 merfolk aquamancers (Shoals:4)
  13 death yaks
  3 satyrs
  6 vampire magi
  6 orc high priests
  10 deep elf knights
  6 deep troll earth magi
  8 naga sharpshooters
  6 shock serpents
  6 spriggan berserkers (Depths:4)
  5 soul eaters
  2 sun demons (Depths:4)
  A storm dragon zombie (Crypt:3)
  A fire crab (shapeshifter) (Depths:3)
  A titan skeleton (Crypt:1)
  5 iron trolls
  7 sea snakes
  4 skeletal warriors
  3 shadow wraiths (Crypt:2)
  3 salamander mystics (Snake:4)
  2 bunyip zombies (Crypt:3)
  3 glowing orange brains
  4 naga ritualists
  The ghost of tilp the Frost Mage, a novice FeIE of Okawaru (D:9)
  38 deep trolls
  A golden dragon skeleton (Crypt:3)
  2 flayed ghosts (Depths:3)
  15 phantasmal warriors
  13 wizards
  6 harpies
  12 orc knights
  6 deep elf archers
  A sphinx zombie (D:15)
  A bog body (Crypt:1)
  17 ironbound convokers
  14 mana vipers
  15 deep elf pyromancers
  9 lindwurms
  17 deep elf zephyrmancers
  15 necromancers
  2 wolf spiders
  2 shadow dragon skeletons
  26 ugly things
  A shining eye (Slime:5)
  8 orc sorcerers
  11 manticores
  14 salamanders
  26 moths of wrath
  An oklob plant (Lair:5)
  7 cyclopes
  21 fauns
  A fire giant zombie (D:15)
  5 merfolk sirens
  A moth of wrath (shapeshifter) (Vaults:5)
  13 vault sentinels
  An iron dragon skeleton (Crypt:3)
  An ice statue (IceCv)
  23 elephants
  3 torpor snails
  A rust devil (Depths:4)
  21 black mambas
  10 guardian serpents
  A guardian serpent (shapeshifter) (D:15)
  3 centaur skeletons
  Maggie (Lair:1)
  11 cane toads
  A water nymph (Shoals:2)
  An alligator snapping turtle zombie (Crypt:3)
  10 naga magi
  3 spriggan zombies
  3 gargoyles
  A smoke demon (Depths:4)
  5 freezing wraiths
  18 komodo dragons
  An ice devil (Depths:4)
  An unseen horror (D:12)
  4 kobold demonologists
  5 rime drakes
  2 naga skeletons (Crypt:3)
  33 yaktaurs
  3 tengu conjurers
  12 hellwings
  12 guardian mummies (Tomb:1)
  A red draconian skeleton (Crypt:1)
  A grey draconian skeleton (Crypt:2)
  20 merfolk
  4 hornets
  7 harpy zombies
  9 trolls
  3 meliai (D:14)
  7 polar bears
  A hornet (shapeshifter) (Vaults:5)
  A harpy skeleton (Crypt:3)
  2 wind drakes
  5 snapping turtles
  A raiju (shapeshifter) (D:14)
  86 slime creatures
  14 dream sheep
  A slime creature (shapeshifter) (Vaults:5)
  26 blink frogs
  2 ettin zombies
  A culicivora (Vaults:4)
  2 ushabtiu
  4 air elementals
  3 flying skulls
  2 jumping spiders (Crypt:3)
  3 shadows (D:12)
  A vampire (D:14)
  A ynoxinul (Depths:4)
  2 centaur simulacra
  4 spriggans
  2 satyr skeletons
  A spriggan (shapeshifter) (D:13)
  A fire elemental (Elf:2)
  63 yaks
  2 wyverns
  28 water elementals
  9 wraiths
  11 golden eyes
  A hog (shapeshifter) (D:15)
  12 basilisks
  6 redbacks
  A redback (shapeshifter) (Depths:4)
  10 vampire mosquitoes
  A naga zombie (Crypt:3)
  9 wargs
  2 acid dragons
  24 nagas
  A two-headed ogre zombie (Crypt:3)
  An acid dragon (shapeshifter) (D:15)
  20 water moccasins
  A faun skeleton (Crypt:1)
  An ice beast (D:7)
  35 orc warriors
  A sky beast (D:5)
  A black bear (D:7)
  A black bear (shapeshifter) (D:14)
  2 necrophages
  6 ogres
  39 wolves
  7 boggarts
  5 centaurs
  A dream sheep skeleton (Crypt:1)
  2 phantoms (D:12)
  18 bullfrogs
  14 kobold brigands
  A wyvern zombie (D:9)
  3 scorpions
  2 earth elementals (Elf:1)
  A yaktaur skeleton (Crypt:2)
  13 wyvern skeletons
  A troll zombie (D:12)
  11 wights
  An electric eel (Vaults:2)
  A polar bear skeleton (Crypt:1)
  A bullfrog zombie (D:4)
  10 centaur zombies
  22 orc priests
  5 hounds
  12 jellies (Lair:5)
  2 gnoll shamans (D:6)
  3 bullfrog skeletons
  Natasha (D:2)
  3 iguanas
  20 orc wizards
  A killer bee zombie (D:5)
  4 ogre zombies (D:12)
  A hound skeleton (D:5)
  4 mummies (Tomb:1)
  3 howler monkey zombies
  Robin (D:4)
  10 gnolls
  10 adders
  2 river rats (Sewer)
  13 white imps
  An ufetubus (D:4)
  4 worms
  A dart slug (D:1)
  68 orcs
  13 bats
  A bat skeleton (Crypt:2)
  11 endoplasms
  6 giant cockroaches
  19 goblins
  7 hobgoblins
  8 jackals
  5 quokkas
  11 ball pythons
  5 frilled lizards
  3 goblin skeletons (D:12)
  31 kobolds
  5 orc skeletons
  11 orc zombies (D:12)
  7 rats
  A rat zombie (Crypt:2)
2192 creatures vanquished.

Vanquished Creatures (collateral kills)
  A dread lich (Vaults:5)
  2 orbs of fire
  2 juggernauts (Depths:2)
  3 royal mummies
  A Killer Klown (Zot:2)
  A curse toe (Zot:4)
  A golden dragon (Depths:2)
  2 electric golems (Zot:5)
  A lich (Vaults:5)
  2 Orb Guardians (Zot:5)
  2 deep elf blademasters (Elf:3)
  A quicksilver dragon (Zot:4)
  7 acid blobs
  A titan (Vaults:5)
  3 sphinxes
  An ancient champion (Crypt:2)
  A sphinx (shapeshifter) (Vaults:5)
  A storm dragon (Zot:2)
  A tengu reaver (Vaults:5)
  3 shadow dragons
  6 azure jellies (Slime:5)
  3 draconian monks
  Roxanne (Elf:2)
  2 revenants
  4 deep elf sorcerers (Elf:3)
  4 fire giants
  3 rockslimes
  An iron dragon (Elf:1)
  An orc warlord (Vaults:3)
  2 frost giants
  A draconian scorcher (Zot:3)
  3 draconian shifters
  3 ghouls (Crypt:1)
  2 deep elf elementalists (Elf:3)
  9 ironbound preservers
  A quicksilver ooze (Slime:5)
  4 draconian annihilators
  A war gargoyle (Vaults:5)
  A spriggan defender (Depths:2)
  5 very ugly things
  A bennu (Tomb:1)
  A stone giant (Depths:2)
  5 green draconians
  2 ironbound thunderhulks
  A vampire knight (Crypt:1)
  2 entropy weavers (Vaults:2)
  3 deep elf demonologists
  2 purple draconians (Zot:1)
  A black draconian (Zot:2)
  4 white draconians
  2 deep elf annihilators (Elf:3)
  A merfolk javelineer (Shoals:4)
  4 jiangshi
  2 deep elf death magi
  An eidolon (Crypt:1)
  A merfolk impaler (Shoals:4)
  An elf zombie (Crypt:1)
  2 ettins
  A nameless horror (Vaults:5)
  Josephine (Snake:1)
  3 deep elf high priests
  5 great orbs of eyes
  2 yaktaur captains (Vaults:5)
  2 salamander tyrants (Snake:4)
  A hydra (D:15)
  5 naga warriors
  4 merfolk aquamancers
  An anaconda (Snake:2)
  A deep troll shaman (Depths:1)
  2 ironbound frosthearts (Vaults:1)
  A satyr (Shoals:3)
  A death yak (shapeshifter) (Depths:2)
  A deep troll earth mage (Depths:3)
  3 dancing weapons (Elf:2)
  2 death scarabs (Tomb:1)
  A spriggan berserker (Depths:2)
  A vampire mage (Crypt:2)
  2 naga sharpshooters (Snake:4)
  3 deep elf knights (Elf:2)
  A salamander mystic (Snake:4)
  2 iron trolls
  11 deep trolls
  A skeletal warrior (D:15)
  3 sea snakes (Shoals:4)
  A naga ritualist (Snake:2)
  A wizard (Vaults:1)
  A deep elf archer (Elf:2)
  4 harpies (Shoals:4)
  4 ironbound convokers
  2 lindwurms (Snake:4)
  A necromancer (Crypt:3)
  4 deep elf zephyrmancers
  3 phantasmal warriors
  2 deep elf pyromancers
  An orb spider (shapeshifter) (D:15)
  2 orc knights
  A mana viper (shapeshifter) (Vaults:5)
  2 manticores
  6 shining eyes
  13 ugly things
  2 cyclopes (D:13)
  7 fauns
  3 salamanders
  A wolf spider (Crypt:3)
  A moth of wrath (Zot:2)
  3 eyes of devastation
  A merfolk siren (Shoals:4)
  3 vault sentinels
  6 naga magi
  A water nymph (Shoals:4)
  3 guardian serpents
  4 black mambas
  A dire elephant skeleton (Crypt:3)
  A yellow draconian zombie (Crypt:2)
  A yaktaur (shapeshifter) (D:15)
  9 yaktaurs
  3 hellwings (Crypt:3)
  2 tengu conjurers
  8 guardian mummies
  6 merfolk
  An alligator zombie (Crypt:1)
  36 slime creatures
  A dream sheep (Shoals:3)
  2 jumping spiders (Crypt:3)
  3 snapping turtles
  A spriggan (shapeshifter) (Vaults:5)
  A flying skull (Crypt:1)
  An ushabti (Crypt:3)
  3 wraiths
  A vampire (D:13)
  4 water elementals (Shoals:4)
  9 golden eyes
  2 redbacks (Vaults:2)
  14 nagas
  A floating eye (Slime:3)
  3 orc warriors
  A swamp dragon zombie (Crypt:1)
  3 orc priests
  2 mummies
  A barachi skeleton (Crypt:2)
  An orc (D:15)
396 creatures vanquished.

Vanquished Creatures (others)
  A death cob (Zot:4)
  A fire giant (Depths:3)
  A deep elf elementalist (Elf:3)
  A hydra (Lair:4)
  An ironbound frostheart (Vaults:4)
  A two-headed ogre (D:10)
  3 death yaks (IceCv)
  2 deep elf knights (Elf:2)
  A sea snake (Shoals:3)
  A deep troll (Vaults:3)
  2 orc knights (Orc:2)
  2 deep elf pyromancers
  4 ugly things
  A faun (Shoals:3)
  4 cyclopes
  3 rime drakes (IceCv)
  2 polar bears (IceCv)
  3 yaks (IceCv)
  A wraith (Snake:1)
  2 nagas (Snake:1)
  A warg (Orc:2)
  6 orc warriors
  2 wolves (IceCv)
  A troll zombie (D:12)
  4 wights
  4 orc wizards
  8 orcs
  An orc skeleton (D:12)
  2 bushes
  142 fungi
  377 plants
  2 starspawn tentacles (Shoals:4)
  41 withered plants
628 creatures vanquished.

Grand Total: 3216 creatures vanquished

Notes
Turn   | Place    | Note
-------+----------+-------------------------------------------
     0 | D:1      | kipponium the Gnoll Ice Elementalist began the quest for
                  | the Orb.
     0 | D:1      | Reached XP level 1. HP: 13/13 MP: 6/6
    69 | D:1      | Reached XP level 2. HP: 17/19 MP: 1/7
   272 | D:1      | Reached skill level 5 in Spellcasting
   272 | D:1      | Reached XP level 3. HP: 10/25 MP: 1/9
   488 | D:1      | Found a faded altar of an unknown god.
   683 | D:1      | Learned a level 3 spell: Frozen Ramparts
   687 | D:1      | Learned a level 3 spell: Ozocubu's Armour
   732 | D:1      | Reached skill level 1 in Invocations
  1209 | D:2      | Reached skill level 1 in Fighting
  1209 | D:2      | Reached skill level 1 in Short Blades
  1209 | D:2      | Reached skill level 1 in Long Blades
  1209 | D:2      | Reached skill level 1 in Axes
  1209 | D:2      | Reached skill level 1 in Maces & Flails
  1209 | D:2      | Reached skill level 1 in Polearms
  1209 | D:2      | Reached skill level 1 in Staves
  1209 | D:2      | Reached skill level 1 in Slings
  1209 | D:2      | Reached skill level 1 in Bows
  1209 | D:2      | Reached skill level 1 in Crossbows
  1209 | D:2      | Reached skill level 1 in Throwing
  1209 | D:2      | Reached skill level 1 in Armour
  1209 | D:2      | Reached skill level 1 in Shields
  1209 | D:2      | Reached skill level 1 in Unarmed Combat
  1209 | D:2      | Reached skill level 1 in Evocations
  1447 | D:2      | Reached XP level 4. HP: 28/32 MP: 8/11
  1559 | D:2      | Noticed Natasha
  1567 | D:2      | Killed Natasha
  1568 | D:2      | Reached skill level 1 in Conjurations
  1568 | D:2      | Reached skill level 1 in Hexes
  1568 | D:2      | Reached skill level 1 in Summonings
  1568 | D:2      | Reached skill level 1 in Necromancy
  1568 | D:2      | Reached skill level 1 in Translocations
  1568 | D:2      | Reached skill level 1 in Transmutations
  1568 | D:2      | Reached skill level 1 in Fire Magic
  1568 | D:2      | Reached skill level 1 in Air Magic
  1568 | D:2      | Reached skill level 1 in Earth Magic
  1568 | D:2      | Reached skill level 1 in Poison Magic
  1951 | D:3      | Reached XP level 5. HP: 31/37 MP: 8/12
  2323 | D:3      | Found a glowing golden altar of the Shining One.
  2386 | D:3      | Found a faded altar of an unknown god.
  2389 | D:3      | Found a hazy altar of Hepliaklqana.
  2513 | D:3      | Found an ancient bone altar of Kikubaaqudgha.
  2513 | D:3      | Found a sparkling altar of Nemelex Xobeh.
  2884 | D:4      | Reached XP level 6. HP: 44/44 MP: 6/13
  2886 | D:4      | Reached skill level 2 in Invocations
  3017 | D:4      | Noticed Robin
  3035 | D:4      | Killed Robin
  3070 | D:4      | Reached skill level 5 in Dodging
  3347 | D:4      | Found a staircase to the Ecumenical Temple.
  3790 | D:4      | Learned a level 1 spell: Shock
  3905 | Temple   | Entered the Ecumenical Temple
  3964 | Temple   | Became a worshipper of Cheibriados the Contemplative
  4000 | D:5      | Entered Level 5 of the Dungeon
  4056 | D:5      | Found a glowing drain.
  4064 | D:5      | Reached XP level 7. HP: 50/50 MP: 13/15
  4070 | Sewer    | Entered a sewer
  4607 | Sewer    | Reached * piety under Cheibriados
  4608 | Sewer    | Reached skill level 5 in Stealth
  4611 | Sewer    | Reached skill level 3 in Invocations
  4775 | Sewer    | Gained mutation: You are partially covered in large bone
                  | plates. (SH +4) [potion of mutation]
  4775 | Sewer    | Gained mutation: You have supernaturally acute eyesight.
                  | (SInv) [potion of mutation]
  4775 | Sewer    | Gained mutation: You are agile. (Dex +2) [potion of
                  | mutation]
  4775 | Sewer    | Gained mutation: You are mostly covered in large bone
                  | plates. (SH +6) [potion of mutation]
  4986 | D:5      | Reached XP level 8. HP: 57/57 MP: 12/16
  5008 | D:5      | Found a hide-covered altar of Uskayaw.
  5900 | D:6      | Learned a level 4 spell: Hailstorm
  6389 | D:6      | Reached skill level 4 in Invocations
  6557 | D:6      | Reached XP level 9. HP: 65/65 MP: 13/18
  6627 | D:6      | Reached ** piety under Cheibriados
  7066 | D:7      | Found a basalt altar of Yredelemnul.
  7236 | D:7      | You are sucked into a shaft and drop 2 floors!
  7524 | D:7      | Found Oxtakel's CLEARANCE SALE!.
  7616 | D:7      | Found a sacrificial altar of Ru.
  7629 | D:7      | Reached *** piety under Cheibriados
  7971 | D:7      | Learned a level 3 spell: Summon Guardian Golem
  8213 | D:8      | Noticed a manticore
  8220 | D:8      | Reached skill level 5 in Invocations
  8256 | D:8      | Killed a manticore
  8257 | D:8      | Reached XP level 10. HP: 25/73 MP: 0/20
  8588 | D:8      | Found a glowing silver altar of Zin.
  8657 | D:8      | Reached skill level 5 in Fighting
  8657 | D:8      | Reached skill level 5 in Short Blades
  8657 | D:8      | Reached skill level 5 in Long Blades
  8657 | D:8      | Reached skill level 5 in Axes
  8657 | D:8      | Reached skill level 5 in Maces & Flails
  8657 | D:8      | Reached skill level 5 in Polearms
  8657 | D:8      | Reached skill level 5 in Staves
  8657 | D:8      | Reached skill level 5 in Slings
  8657 | D:8      | Reached skill level 5 in Bows
  8657 | D:8      | Reached skill level 5 in Crossbows
  8657 | D:8      | Reached skill level 5 in Throwing
  8657 | D:8      | Reached skill level 5 in Armour
  8657 | D:8      | Reached skill level 5 in Shields
  8657 | D:8      | Reached skill level 5 in Unarmed Combat
  8657 | D:8      | Reached skill level 5 in Evocations
  9031 | D:9      | Found a runed translucent gate.
  9031 | D:9      | Noticed a ten-headed hydra
  9032 | D:9      | Found a runed translucent gate.
  9033 | D:9      | Found a runed translucent gate.
  9033 | D:9      | Noticed an 11-headed hydra
  9033 | D:9      | Noticed tilp's ghost (novice FeIE)
  9096 | D:9      | Noticed a two-headed ogre
  9116 | D:9      | Killed a two-headed ogre
  9322 | D:9      | Reached **** piety under Cheibriados
  9750 | D:10     | Entered Level 10 of the Dungeon
  9978 | D:10     | Noticed a two-headed ogre
  9988 | D:10     | Killed a two-headed ogre
  9989 | D:10     | Reached skill level 6 in Invocations
 10256 | D:10     | Found a transporter.
 10257 | D:10     | Found a transporter.
 10414 | D:10     | Found a bloodstained altar of Trog.
 10414 | D:10     | Found a transporter.
 10415 | D:10     | Found a transporter.
 10418 | D:10     | Noticed a two-headed ogre
 10438 | D:10     | Killed a two-headed ogre
 10439 | D:10     | Reached XP level 11. HP: 81/81 MP: 18/22
 10461 | D:10     | Found a transporter.
 10545 | D:10     | Found a transporter.
 10964 | D:11     | Noticed a seven-headed hydra
 10974 | D:11     | Killed a seven-headed hydra
 10975 | D:11     | Reached skill level 5 in Conjurations
 10975 | D:11     | Reached skill level 5 in Hexes
 10975 | D:11     | Reached skill level 5 in Summonings
 10975 | D:11     | Reached skill level 5 in Necromancy
 10975 | D:11     | Reached skill level 5 in Translocations
 10975 | D:11     | Reached skill level 5 in Transmutations
 10975 | D:11     | Reached skill level 5 in Fire Magic
 10975 | D:11     | Reached skill level 5 in Air Magic
 10975 | D:11     | Reached skill level 5 in Earth Magic
 10975 | D:11     | Reached skill level 5 in Poison Magic
 11569 | D:11     | Noticed a cyclops
 11578 | D:11     | Killed a cyclops
 11647 | D:11     | Reached skill level 7 in Invocations
 11709 | D:11     | Reached ***** piety under Cheibriados
 11908 | D:11     | Noticed a two-headed ogre
 11919 | D:11     | Killed a two-headed ogre
 13247 | D:11     | Found a staircase to the Lair.
 13392 | D:12     | Noticed a two-headed ogre
 13406 | D:12     | Killed a two-headed ogre
 13407 | D:12     | Reached XP level 12. HP: 89/89 MP: 15/24
 13601 | D:12     | HP: 4/89 [cyclops/large rock (15)]
 14178 | D:12     | Noticed a two-headed ogre
 14189 | D:12     | Killed a two-headed ogre
 14628 | D:12     | Found a staircase to the Orcish Mines.
 14878 | D:12     | Reached skill level 8 in Invocations
 15756 | D:12     | Noticed a two-headed ogre
 15769 | D:12     | Killed a two-headed ogre
 16146 | Orc:1    | Entered Level 1 of the Orcish Mines
 16146 | Orc:1    | Found Ozomomeh's Assorted Antiques.
 16787 | Orc:1    | Noticed Gastronok
 16823 | Orc:1    | Killed Gastronok
 16933 | Orc:1    | Found a shimmering blue altar of Sif Muna.
 16986 | Orc:1    | Reached ****** piety under Cheibriados
 17444 | Orc:2    | Entered Level 2 of the Orcish Mines
 17479 | Orc:2    | Noticed Jorgrun
 17500 | Orc:2    | Killed Jorgrun
 17501 | Orc:2    | Reached XP level 13. HP: 56/98 MP: 15/26
 17676 | Orc:2    | Found a transporter.
 17712 | Orc:2    | Found a transporter.
 17715 | Orc:2    | Noticed jt's ghost (journeyman HOWn)
 18093 | Orc:2    | Found a staircase to the Elven Halls.
 18710 | Orc:2    | Reached skill level 9 in Invocations
 18727 | Orc:2    | Reached skill level 10 in Ice Magic
 18737 | Orc:2    | HP: 3/98 [themself (22)]
 19633 | Orc:2    | Found Lage's Armour Shoppe.
 19637 | Orc:2    | Found Voeshu's Weapon Shop.
 19643 | Orc:2    | Found Tygesu's Distillery.
 19645 | Orc:2    | Found Veufedua's Book Shoppe.
 20006 | Lair:1   | Entered Level 1 of the Lair of Beasts
 20148 | Lair:1   | Reached skill level 10 in Spellcasting
 20220 | Lair:1   | You fall into a shaft and drop 1 floor!
 20222 | Lair:2   | Found a frozen archway.
 20379 | IceCv    | Entered an ice cave
 20446 | IceCv    | Learned a level 4 spell: Airstrike
 21094 | IceCv    | Noticed a frost giant
 21104 | IceCv    | Reached skill level 10 in Dodging
 21107 | IceCv    | Reached XP level 14. HP: 98/106 MP: 17/28
 21114 | IceCv    | Killed a frost giant
 21410 | IceCv    | Reached skill level 10 in Stealth
 21983 | Lair:2   | Reached skill level 10 in Invocations
 22760 | Lair:2   | Noticed a dire elephant
 23994 | Lair:2   | Identified the +0 chain mail of Rosat {rC++}
 24513 | Lair:3   | Found a staircase to the Snake Pit.
 24805 | Lair:3   | Reached XP level 15. HP: 115/115 MP: 7/29
 24947 | Lair:3   | Found a staircase to the Shoals.
 26640 | Lair:4   | Upgraded the game from 0.28-a0-1234-g826d19b2e0 to
                  | 0.28-a0-1235-g7c8fac35f0
 26780 | Lair:5   | Reached skill level 10 in Fighting
 26780 | Lair:5   | Reached skill level 10 in Short Blades
 26780 | Lair:5   | Reached skill level 10 in Long Blades
 26780 | Lair:5   | Reached skill level 10 in Axes
 26780 | Lair:5   | Reached skill level 10 in Maces & Flails
 26780 | Lair:5   | Reached skill level 10 in Polearms
 26780 | Lair:5   | Reached skill level 10 in Staves
 26780 | Lair:5   | Reached skill level 10 in Slings
 26780 | Lair:5   | Reached skill level 10 in Bows
 26780 | Lair:5   | Reached skill level 10 in Crossbows
 26780 | Lair:5   | Reached skill level 10 in Throwing
 26780 | Lair:5   | Reached skill level 10 in Armour
 26780 | Lair:5   | Reached skill level 10 in Shields
 26780 | Lair:5   | Reached skill level 10 in Unarmed Combat
 26780 | Lair:5   | Reached skill level 10 in Evocations
 26813 | Lair:5   | Learned a level 5 spell: Alistair's Intoxication
 27191 | Lair:5   | Found a staircase to the Slime Pits.
 27287 | Lair:5   | Reached skill level 11 in Invocations
 27911 | Lair:6   | Entered Level 6 of the Lair of Beasts
 28200 | Lair:6   | Identified the +1 leather armour "Gereinup" {rElec rN+
                  | Dex+5}
 28963 | Lair:6   | Identified the +2 hat "Zudd" {rC+}
 29573 | Lair:1   | Noticed Maggie
 29581 | Lair:1   | Killed Maggie
 29846 | Lair:1   | Reached XP level 16. HP: 123/123 MP: 31/31
 30606 | Orc:2    | Bought a +1 cloak of poison resistance for 202 gold pieces
 30623 | Orc:2    | Bought a +1 kite shield of cold resistance for 247 gold
                  | pieces
 30646 | Orc:2    | Bought a book of the Sky for 616 gold pieces
 30651 | Orc:2    | Learned a level 4 spell: Summon Lightning Spire
 30746 | Orc:2    | Killed jt's ghost
 31954 | D:13     | Found a gate to the Vaults.
 32792 | D:14     | Found a blossoming altar of Fedhas.
 32801 | D:14     | Identified the +8 plate armour "Ymnucwag" {rC+ rN+}
 32975 | D:14     | Noticed Nessos
 32976 | D:14     | Noticed Nessos
 32976 | D:14     | Nessos changed into Nessos the manticore
 32993 | D:14     | Killed Nessos the manticore
 33853 | D:14     | Reached skill level 12 in Invocations
 34129 | D:14     | Learned a level 5 spell: Borgnjor's Vile Clutch
 34339 | D:15     | Entered Level 15 of the Dungeon
 34443 | D:15     | Found a staircase to the Depths.
 35002 | D:15     | Found an ancient bone altar of Kikubaaqudgha.
 35693 | Snake:1  | Entered Level 1 of the Snake Pit
 35879 | Snake:1  | Noticed Aizul
 35891 | Snake:1  | Killed Aizul
 36051 | Snake:1  | Noticed Louise
 36057 | Snake:1  | Killed Louise
 36454 | Snake:1  | Reached XP level 17. HP: 86/131 MP: 7/33
 36605 | Snake:1  | Noticed Josephine
 36617 | Snake:1  | Killed Josephine
 37176 | Snake:1  | Found Houheajo's Book Boutique.
 37176 | Snake:1  | Found Asuduedy's Jewellery Emporium.
 37177 | Snake:1  | Found Qujut's Book Boutique.
 37194 | Snake:1  | Bought an amulet of reflection for 360 gold pieces
 37527 | Snake:2  | Found Voawein's General Store.
 38882 | Snake:3  | Reached skill level 10 in Conjurations
 38882 | Snake:3  | Reached skill level 10 in Hexes
 38882 | Snake:3  | Reached skill level 10 in Summonings
 38882 | Snake:3  | Reached skill level 10 in Necromancy
 38882 | Snake:3  | Reached skill level 10 in Translocations
 38882 | Snake:3  | Reached skill level 10 in Transmutations
 38882 | Snake:3  | Reached skill level 10 in Fire Magic
 38882 | Snake:3  | Reached skill level 10 in Air Magic
 38882 | Snake:3  | Reached skill level 10 in Earth Magic
 38882 | Snake:3  | Reached skill level 10 in Poison Magic
 39167 | Snake:3  | Found Pemniva's Book Shop.
 39202 | Snake:3  | Found Adiewki's Antique Armour Shop.
 39986 | Snake:3  | Learned a level 7 spell: Spellforged Servitor
 40333 | Snake:4  | Entered Level 4 of the Snake Pit
 40783 | Snake:4  | Reached skill level 13 in Invocations
 41351 | Snake:4  | Noticed Agnes
 41363 | Snake:4  | Killed Agnes
 42766 | Lair:3   | Reached XP level 18. HP: 140/140 MP: 35/35
 44268 | Snake:4  | Got a serpentine rune of Zot
 44502 | Shoals:1 | Entered Level 1 of the Shoals
 44505 | Shoals:1 | Upgraded the game from 0.28-a0-1235-g7c8fac35f0 to
                  | 0.28-a0-1236-gb25a51b929
 45167 | Shoals:1 | Found Wyotwish's Armour Boutique.
 47947 | Shoals:3 | Reached XP level 19. HP: 130/147 MP: 20/36
 48467 | Shoals:4 | Entered Level 4 of the Shoals
 48467 | Shoals:4 | Found Uzawn's Assorted Antiques.
 48485 | Shoals:4 | Reached skill level 14 in Invocations
 48485 | Shoals:4 | HP: 5/148 [cloud of freezing vapour (10)]
 49014 | Shoals:3 | Upgraded the game from 0.28-a0-1236-gb25a51b929 to
                  | 0.28-a0-1286-g6bde065e89
 49278 | Shoals:4 | Noticed Mlioglotl
 50469 | Shoals:4 | Got a barnacled rune of Zot
 50539 | Shoals:4 | Identified the +5 morningstar of Jiseps {flame, +Blink
                  | rPois rN+ Dex-2}
 50590 | Shoals:4 | Got the Volume of Lethal Shape Shifting
 51060 | D:9      | Killed tilp's ghost
 51336 | Depths:1 | Entered Level 1 of the Depths
 52273 | Depths:1 | Identified a scroll of acquirement
 52274 | Depths:1 | Acquired Odeompets's Volume of Burning Confrontation
 52286 | Depths:1 | Found Yciohase's Weapon Boutique.
 52292 | Depths:1 | Found Otzol's Magic Scroll Shop.
 52292 | Depths:1 | Found Copru's Distillery.
 52295 | Depths:1 | Found Feteggis's Distillery.
 52874 | Depths:1 | Found a gateway to Hell.
 53229 | Depths:2 | Found a one-way gate leading to the halls of Pandemonium.
 53671 | Depths:2 | Noticed a golden dragon
 53675 | Depths:2 | Killed a golden dragon
 54050 | Depths:2 | Noticed a tentacled monstrosity
 54050 | Depths:2 | Noticed a juggernaut
 54065 | Depths:2 | Reached XP level 20. HP: 157/157 MP: 38/38
 54093 | Depths:2 | Killed a juggernaut
 54142 | Depths:2 | Got Sif Muna's Incunabulum of Creative Enchantment
 55013 | Depths:2 | Found a one-way gate to the infinite horrors of the Abyss.
 55293 | Depths:2 | Found a hazy altar of Hepliaklqana.
 55573 | Vaults:1 | Entered Level 1 of the Vaults
 55801 | Vaults:1 | Reached skill level 15 in Invocations
 57903 | Vaults:2 | HP: 7/159 [ironbound frostheart/creeping frost (28)]
 58380 | Vaults:2 | Reached XP level 21. HP: 164/165 MP: 32/39
 58812 | Orc:2    | Bought the +0 pair of boots of the Journeyman {Dex+9} for
                  | 456 gold pieces
 58995 | Vaults:2 | Reached skill level 15 in Spellcasting
 59017 | Vaults:2 | You fall into a shaft and drop 1 floor!
 59373 | Vaults:3 | Noticed Donald
 59384 | Vaults:3 | Killed Donald
 59387 | Vaults:3 | Reached skill level 15 in Dodging
 59703 | Vaults:3 | Noticed a dread lich
 59715 | Vaults:3 | Noticed kMk's ghost (veteran OpTm)
 59736 | Vaults:3 | Found a transporter.
 59740 | Vaults:3 | Found a transporter.
 59836 | Vaults:3 | Noticed Saint Roka
 59853 | Vaults:3 | Killed Saint Roka
 60181 | Vaults:3 | Noticed Jory
 60202 | Vaults:3 | Killed Jory
 60492 | Vaults:2 | Reached skill level 15 in Stealth
 62123 | Vaults:2 | Found Pumnoxi's Antique Weapon Shop.
 62151 | Vaults:2 | Found a staircase to the Crypt.
 62151 | Vaults:2 | Found an ancient bone altar of Kikubaaqudgha.
 62152 | Vaults:2 | Found a basalt altar of Yredelemnul.
 62226 | Vaults:2 | Found Ahoafreff's Antique Armour Emporium.
 62228 | Vaults:2 | Found Xob Byx's Weapon Shoppe.
 62788 | Vaults:3 | Reached skill level 16 in Invocations
 63276 | Vaults:4 | Found a flickering gateway to a bazaar.
 63292 | Vaults:4 | Reached XP level 22. HP: 130/174 MP: 30/41
 63303 | Bazaar   | Entered a bazaar
 63303 | Bazaar   | Found Yseask's Armour Boutique.
 63303 | Bazaar   | Found Peyss's Weapon Emporium.
 63303 | Bazaar   | Found Lomaexked's Antique Armour Emporium.
 63304 | Bazaar   | Found Hed Rih's Book Shoppe.
 63304 | Bazaar   | Found Xeihammy's Weapon Shoppe.
 63469 | Vaults:4 | Noticed Sojobo
 63474 | Vaults:4 | Paralysed by an air elemental for 1 turns
 63482 | Vaults:4 | Killed Sojobo
 64406 | Vaults:4 | Reached skill level 15 in Fighting
 64406 | Vaults:4 | Reached skill level 15 in Short Blades
 64406 | Vaults:4 | Reached skill level 15 in Long Blades
 64406 | Vaults:4 | Reached skill level 15 in Axes
 64406 | Vaults:4 | Reached skill level 15 in Maces & Flails
 64406 | Vaults:4 | Reached skill level 15 in Polearms
 64406 | Vaults:4 | Reached skill level 15 in Staves
 64406 | Vaults:4 | Reached skill level 15 in Slings
 64406 | Vaults:4 | Reached skill level 15 in Bows
 64406 | Vaults:4 | Reached skill level 15 in Crossbows
 64406 | Vaults:4 | Reached skill level 15 in Throwing
 64406 | Vaults:4 | Reached skill level 15 in Armour
 64406 | Vaults:4 | Reached skill level 15 in Shields
 64406 | Vaults:4 | Reached skill level 15 in Unarmed Combat
 64406 | Vaults:4 | Reached skill level 15 in Evocations
 65162 | Elf:1    | Entered Level 1 of the Elven Halls
 65379 | Elf:1    | Identified the ring of Gehu {rPois rC- rCorr Int+6 Dex+4}
 65435 | Elf:1    | Paralysed by an air elemental for 1 turns
 65439 | Elf:1    | Paralysed by an air elemental for 1 turns
 65661 | Elf:1    | Found an ancient bone altar of Kikubaaqudgha.
 65694 | Elf:1    | Identified the +1 leather armour of Azyw {Str+4}
 65780 | Elf:1    | Found a runed translucent gate.
 65780 | Elf:1    | Found a runed translucent gate.
 65780 | Elf:1    | Found a runed translucent gate.
 65780 | Elf:1    | Found a runed translucent gate.
 65780 | Elf:1    | Found a runed translucent gate.
 65781 | Elf:1    | Found a runed translucent gate.
 66599 | Elf:2    | Paralysed by an air elemental for 1 turns
 66817 | Elf:2    | Noticed Roxanne
 66840 | Elf:2    | Killed Roxanne
 67296 | Elf:2    | Found a runed translucent gate.
 67298 | Elf:2    | Found a runed translucent gate.
 67302 | Elf:2    | Found a runed translucent gate.
 68445 | Elf:3    | Entered Level 3 of the Elven Halls
 68472 | Elf:3    | Reached XP level 23. HP: 98/182 MP: 22/43
 68717 | Elf:2    | Acquired a +1 pair of boots of flying
 68732 | Elf:2    | Acquired the +2 helmet of Crawling {rElec rN+ Str-5 Dex+6}
 68746 | Elf:2    | Acquired a book of Maledictions
 69006 | Elf:3    | Found Hexytin's General Store.
 69107 | Elf:3    | Found a runed translucent gate.
 69107 | Elf:3    | Found a runed translucent gate.
 69107 | Elf:3    | Found a runed translucent gate.
 69109 | Elf:3    | Noticed Subbak's ghost (veteran TeCj)
 69610 | Elf:3    | Identified the +1 scale mail of Integrity {rF+ Str+3 Dex+4
                  | SInv}
 69610 | Elf:3    | Identified the ring of Esiblaud {rF+ EV+4}
 69841 | Elf:3    | Identified the +1 scale mail of Cowardice {Drain rN+ Str+2
                  | Int+6}
 69894 | Elf:3    | Identified the +9 falchion of the Apocalypse {antimagic,
                  | rCorr}
 69894 | Elf:3    | Identified the +1 robe "Evued" {rElec}
 69894 | Elf:3    | Identified the amulet of Vehairr {RegenMP rF+ rC++}
 70546 | Elf:3    | Got the Collected Works on the Compass and the Arsonist
 70547 | Elf:3    | Identified the +1 chain mail "Lahacw" {rF- Int-4 Slay+4
                  | SInv}
 70555 | Elf:3    | Got the Grimoire of Creative Curses
 70935 | Depths:3 | Noticed a golden dragon
 70942 | Depths:3 | Reached skill level 17 in Invocations
 70954 | Depths:3 | Killed a golden dragon
 70955 | Depths:3 | Noticed a golden dragon
 70961 | Depths:3 | Noticed a juggernaut
 70980 | Depths:2 | Killed a juggernaut
 70981 | Depths:2 | Reached skill level 15 in Ice Magic
 71292 | Depths:3 | Found a runed translucent door.
 71328 | Depths:3 | Noticed Vaanwiku's ghost (journeyman GrFi)
 71385 | Depths:3 | Noticed a caustic shrike
 71391 | Depths:3 | Killed a caustic shrike
 71396 | Depths:3 | Killed a golden dragon
 71400 | Depths:3 | Noticed a juggernaut
 71420 | Depths:3 | Killed a juggernaut
 71428 | Depths:3 | Noticed a golden dragon
 71438 | Depths:3 | Killed a golden dragon
 71579 | Depths:3 | Noticed a juggernaut
 71589 | Depths:3 | Killed a juggernaut
 72671 | Depths:3 | Killed Vaanwiku's ghost
 72753 | Depths:4 | Entered Level 4 of the Depths
 73157 | Depths:4 | Reached XP level 24. HP: 191/191 MP: 37/43
 73427 | Depths:4 | Found a gate to the Realm of Zot.
 73461 | Depths:4 | Found a one-way gateway to a ziggurat.
 74893 | Vaults:5 | Entered Level 5 of the Vaults
 75133 | Vaults:5 | Noticed an ancient lich
 75145 | Vaults:5 | Noticed an ancient lich
 75148 | Vaults:5 | Killed an ancient lich
 75164 | Vaults:5 | Killed an ancient lich
 75530 | Vaults:5 | Noticed a dread lich
 75536 | Vaults:5 | Killed a dread lich
 75550 | Vaults:5 | Reached skill level 18 in Invocations
 75590 | Vaults:5 | Reached skill level 15 in Poison Magic
 75846 | Vaults:5 | Reached XP level 25. HP: 128/199 MP: 40/44
 76339 | Vaults:5 | Learned a level 5 spell: Yara's Violent Unravelling
 76788 | Vaults:5 | Identified the +6 hunting sling of Indomitability {venom,
                  | rF+ rC- Dex+4 Stlth+}
 76823 | Vaults:5 | Identified the +5 short sword of Cocytus {flame, rF+ Dex+6}
 77438 | Vaults:5 | Got a silver rune of Zot
 78153 | Zot:1    | Entered Level 1 of the Realm of Zot
 79146 | Zot:1    | Identified the +5 falchion of the Queen {venom, Will+}
 79325 | Zot:1    | Found the +4 dragonskin cloak
 79325 | Zot:1    | Noticed Tiamat
 79360 | Zot:1    | Killed Tiamat
 79415 | Zot:1    | Acquired 826 gold pieces
 80198 | Zot:2    | Noticed a Killer Klown
 80212 | Zot:2    | Killed a Killer Klown
 80359 | Zot:2    | Noticed an orb of fire
 80372 | Zot:2    | Learned a level 7 spell: Enfeeble
 80393 | Zot:2    | Killed an orb of fire
 81188 | Zot:3    | Reached XP level 26. HP: 208/208 MP: 45/45
 82819 | Zot:4    | Noticed an orb of fire
 82842 | Zot:4    | Reached skill level 19 in Invocations
 82854 | Zot:4    | Killed an orb of fire
 82949 | Zot:4    | Reached skill level 15 in Conjurations
 82949 | Zot:4    | Reached skill level 15 in Hexes
 82949 | Zot:4    | Reached skill level 15 in Summonings
 82949 | Zot:4    | Reached skill level 15 in Necromancy
 82949 | Zot:4    | Reached skill level 15 in Translocations
 82949 | Zot:4    | Reached skill level 15 in Transmutations
 82949 | Zot:4    | Reached skill level 15 in Fire Magic
 82949 | Zot:4    | Reached skill level 15 in Air Magic
 82949 | Zot:4    | Reached skill level 15 in Earth Magic
 83717 | Zot:4    | Identified the +8 plate armour of the Leaf {rElec rC++
                  | Int+3 Slay+4}
 84056 | Zot:4    | Upgraded the game from 0.28-a0-1286-g6bde065e89 to
                  | 0.28-a0-1312-g71652a0310
 84085 | Zot:5    | Entered Level 5 of the Realm of Zot
 84588 | Zot:5    | Noticed a dread lich
 84810 | Zot:5    | Noticed an orb of fire
 84820 | Zot:5    | Killed an orb of fire
 84936 | Zot:5    | Noticed an orb of fire
 84942 | Zot:5    | Noticed an orb of fire
 84946 | Zot:5    | Killed an orb of fire
 85531 | Zot:5    | Noticed a dread lich
 85540 | Zot:5    | Killed a dread lich
 85640 | Zot:5    | Noticed a dread lich
 85649 | Zot:5    | Killed a dread lich
 85658 | Zot:5    | Gained mutation: You are weak. (Str -2) [an orb of fire]
 85679 | Zot:5    | Gained mutation: You are frail. (-10% HP) [an orb of fire]
 85681 | Zot:5    | Killed an orb of fire
 86594 | Shoals:4 | Killed Mlioglotl
 87352 | Zot:5    | Acquired 433 gold pieces
 87378 | Zot:5    | Reached XP level 27. HP: 195/195 MP: 37/45
 87424 | Zot:5    | Noticed an orb of fire
 87446 | Zot:5    | Gained mutation: You sometimes lose the ability to read
                  | scrolls when taking damage. [an orb of fire]
 87452 | Zot:5    | Gained mutation: Your spells are a little easier to cast,
                  | but a little less powerful. [an orb of fire]
 87453 | Zot:5    | Gained mutation: You are very weak. (Str -4) [an orb of
                  | fire]
 87454 | Zot:5    | Killed an orb of fire
 87967 | Zot:5    | Noticed an ancient lich
 87993 | Zot:5    | HP: 6/195 [electric golem (6)]
 88173 | Zot:5    | Killed an ancient lich
 89825 | Depths:1 | Bought a potion of heal wounds for 90 gold pieces
 89825 | Depths:1 | Bought a potion of magic for 144 gold pieces
 89825 | Depths:1 | Bought a potion of mutation for 144 gold pieces
 89825 | Depths:1 | Bought a potion of mutation for 144 gold pieces
 89831 | Depths:1 | Bought 3 scrolls of blinking for 405 gold pieces
 90096 | Elf:3    | Lost mutation: You are mostly covered in large bone plates.
                  | (SH +6) [potion of mutation]
 90096 | Elf:3    | Lost mutation: Your spells are a little easier to cast, but
                  | a little less powerful. [potion of mutation]
 90097 | Elf:3    | Lost mutation: You sometimes lose the ability to read
                  | scrolls when taking damage. [potion of mutation]
 90097 | Elf:3    | Lost mutation: You are frail. (-10% HP) [potion of
                  | mutation]
 90097 | Elf:3    | Lost mutation: You are agile. (Dex +2) [potion of mutation]
 90097 | Elf:3    | Gained mutation: You possess an exceptional clarity of
                  | mind. [potion of mutation]
 90097 | Elf:3    | Gained mutation: Your spells are a little harder to cast,
                  | but a little more powerful. [potion of mutation]
 90098 | Elf:3    | Lost mutation: Your spells are a little harder to cast, but
                  | a little more powerful. [potion of mutation]
 90098 | Elf:3    | Lost mutation: You are very weak. (Str -4) [potion of
                  | mutation]
 90098 | Elf:3    | Lost mutation: You are weak. (Str -2) [potion of mutation]
 90098 | Elf:3    | Gained mutation: Your movements are slightly less
                  | encumbered by armour. (ER -2) [potion of mutation]
 90108 | Elf:3    | Learned a level 8 spell: Lehudib's Crystal Spear
 90479 | Slime:1  | Entered Level 1 of the Pits of Slime
 91549 | Slime:3  | Paralysed by a floating eye for 4 turns
 92251 | Slime:4  | Reached skill level 20 in Invocations
 92360 | Slime:4  | Gained mutation: You have hidden genetic defects. [a
                  | shining eye]
 92361 | Slime:4  | Gained mutation: Armour fits poorly on your strangely
                  | shaped body. [a shining eye]
 92850 | Slime:5  | Entered Level 5 of the Pits of Slime
 93085 | Slime:5  | Noticed the Royal Jelly
 93123 | Slime:5  | Killed the Royal Jelly
 93533 | Slime:5  | Gained mutation: You are clumsy. (Dex -2) [hidden defects]
 93786 | Slime:5  | Found the +10 dark maul {vorpal}
 93791 | Slime:5  | Identified the +7 trident of Dull Reinforcement {vorpal,
                  | Drain rF+ Dex+7}
 93812 | Slime:5  | Got a slimy rune of Zot
 93827 | Slime:5  | Identified the +8 chain mail of Ziulyi {rPois Regen+}
 93837 | Slime:5  | Identified the +8 longbow of Heplaj {vorpal, rF+}
 94218 | Slime:5  | Identified the +1 falchion of Yskymani {vamp, rCorr}
 94649 | Crypt:1  | Entered Level 1 of the Crypt
 94655 | Crypt:1  | Identified the amulet of Nysukki {Reflect Fragile rC++
                  | Regen+ SH+5}
 94773 | Crypt:1  | Paralysed by a vampire knight for 2 turns
 95050 | Crypt:1  | You are sucked into a shaft and drop 1 floor!
 95412 | Crypt:2  | Noticed Frederick
 95428 | Crypt:2  | Killed Frederick
 96064 | Crypt:1  | Gained mutation: You have terrible hidden genetic defects.
                  | [hidden defects]
 96064 | Crypt:1  | Lost mutation: You have terrible hidden genetic defects.
                  | [hidden defects expressed]
 96604 | Crypt:3  | Entered Level 3 of the Crypt
 97011 | Crypt:3  | Found a staircase to the Tomb.
 97218 | Crypt:3  | Found an ancient bone altar of Kikubaaqudgha.
 97392 | Crypt:3  | Noticed a dread lich
 97395 | Crypt:3  | Noticed an ancient lich
 97399 | Crypt:3  | Killed a dread lich
 97405 | Crypt:3  | Killed an ancient lich
 97406 | Crypt:3  | Gained mutation: You are dopey. (Int -2) [hidden defects]
 99023 | Crypt:3  | Identified the +6 spear of Epown {vorpal, *Slow +Blink
                  | rPois rC-}
 99119 | Tomb:1   | Entered Level 1 of the Tomb of the Ancients
 99223 | Tomb:1   | Paralysed by a sphinx for 4 turns
 99599 | Tomb:1   | Noticed a royal mummy
 99609 | Tomb:1   | Killed a royal mummy
 99615 | Tomb:1   | Noticed a royal mummy
 99915 | Tomb:1   | Gained mutation: Your magical capacity is low. (-10% MP)
                  | [hidden defects]
 99915 | Tomb:1   | Lost mutation: You have hidden genetic defects. [hidden
                  | defects expressed]
100336 | Tomb:1   | Noticed a royal mummy
100342 | Tomb:1   | Noticed a royal mummy
100348 | Tomb:1   | Killed a royal mummy
100353 | Tomb:1   | Killed a royal mummy
100356 | Tomb:1   | Killed a royal mummy
101058 | Tomb:2   | Noticed a royal mummy
101058 | Tomb:2   | Noticed a royal mummy
101060 | Tomb:2   | Noticed a royal mummy
101061 | Tomb:2   | Noticed a royal mummy
101068 | Tomb:2   | Noticed a royal mummy
101076 | Tomb:2   | Killed a royal mummy
101076 | Tomb:2   | Killed by a royal mummy's death curse

Illustrated notes

Levels and vault maps discovered:
D:1:      moated_graveyard_arrival, layout_rooms,
          shapermc_ecumenical_altar_venn, minmay_split_cup_small
D:2:      layout_loops_cross, uniq_natasha
D:3:      layout_basic, chequers_temple_overflow_statue_of_worship,
          beargit_hepliaklqana_dungeon_heroes, general_overflow_altar
D:4:      layout_basic, minmay_temple_entry_glassed_door, uniq_robin
D:5:      layout_loops_ring, overflow_temple_1_default,
          cheibrodos_sewer_entry_drain, minmay_misc_feat_pillars,
          minmay_misc_feat_secret_circle, minmay_liquid_box,
          kennysheep_minor_cross, minmay_crystal_water
D:6:      layout_cave_pools, serial_bayou_lake_a
D:7:      layout_basic, nicolae_ru_great_annihilating_truth,
          mainiacjoe_overflow_small_starburst, nicolae_shop_clearance
D:8:      layout_rooms, lemuel_round_altar, kennysheep_small_circle
D:9:      layout_loops_ring, gammafunk_ghost_hydra_chop, moated_statue
D:10:     layout_roguey, mainiacjoe_overflow_tiny_flanked,
          serial_nicolae_subway, nicolae_sub_station_metal,
          nicolae_sub_station_crystal, nicolae_sub_station_stone
D:11:     layout_stronghold, erik_lair_dragon
D:12:     layout_layer_cave, zombieorc1_lemuel
D:13:     layout_layer_cave, david_vaults_5, minmay_hollow_rounded_squares
D:14:     layout_basic, fedhas_altar_1, minivault_23, uniq_nessos
D:15:     gammafunk_depths_entry_grave, layout_basic, kiku_gazebo_pond_becter,
          st_stairs_1, roderic_batcave
Temple:   dshaligram_water_room_temple
Lair:1:   hellmonk_destroyed_diamonds, layout_hall_layers, minmay_holes,
          uniq_maggie
Lair:2:   mu_elephants_graveyard, layout_long_grid, portal_ice_cave_entry_imps
Lair:3:   layout_loops_ring, elwin_shoals_entry_rocks,
          minmay_snake_entry_guardpost_small, pond
Lair:4:   layout_long_grid, grunt_megastairs_2, serial_bayou_shore_a
Lair:5:   layout_regular_city, minmay_slime_entry_jelly_boxes,
          kennysheep_basilisk_garden
Lair:6:   grunt_lair_end_beastmaster, layout_gridlike,
          grunt_forest_large_clearings
Shoals:1: layout_shoals, serial_shops, nicolae_shop_crystal
Shoals:2: layout_shoals
Shoals:3: layout_shoals
Shoals:4: shoals_end_grunt_garden, layout_shoals, serial_shops, shop_fountains,
          uniq_mlioglotl
Snake:1:  layout_onion, minmay_shop_grove, uniq_louise, uniq_josephine,
          uniq_aizul
Snake:2:  layout_rooms, minmay_shop_star
Snake:3:  layout_onion_interference, serial_shops, nicolae_shop_hallway_stairs,
          nicolae_shop_temple_entry_statues_fountains, grunt_megastairs_4
Snake:4:  snake_pit_salamanders_mu, layout_chambers, uniq_agnes
Slime:1:  layout_caves
Slime:2:  layout_caves
Slime:3:  layout_caves
Slime:4:  layout_caves
Slime:5
Orc:1:    layout_caves, serial_shops, nicolae_shop_overgrown_old_shop,
          kennysheep_orc_sif_temple, uniq_gastronok
Orc:2:    st_orc_elflike, layout_diamond_mine,
          gammafunk_ghost_berserking_beasts, uniq_jorgrun
Elf:1:    eino_elf_arrival_the_gate, layout_geoelf_octagon, basic_altar,
          orc_legates, serial_sigils_hangedman_stare
Elf:2:    elven_hall_of_blades_hangedman_original
          [nicolae_vaults_blade_armed_guards], layout_geoelf_diagonals,
          uniq_roxanne
Elf:3:    minmay_elf_hall_curves, layout_loops_corners, serial_shops, shop,
          ebering_ghost_rock_garden, st_stairs_10
Vaults:1: v_rooms_3, nicolae_vaults_what_the_h, grunt_vaults_trifunnel,
          v_misc_26, vaults_mumra_hex, hangedman_vaults_stitches,
          layout_vaults_omnigrid
Vaults:2: minmay_crypt_entry_necro_gods, nicolae_vaults_network_quincunx
          [nicolae_vaults_network_quincunx_subvault,
          nicolae_vaults_network_quincunx_subvault,
          nicolae_vaults_network_quincunx_subvault,
          nicolae_vaults_network_quincunx_subvault,
          nicolae_vaults_network_quincunx_subvault],
          nicolae_vaults_halls_meeting, nicolae_vaults_border_crossing,
          ontoclasm_vaults_fault, ontoclasm_vaults_ring_small, v_misc_16,
          dpeg_vaults_monster_box, vaults_room_grunt_arrival_ludios,
          nicolae_vaults_network_star, vaults_room_grid,
          layout_vaults_maze_snakey, serial_shops, nicolae_lakefront_shop, shop,
          nicolae_shop_waterfront
Vaults:3: gammafunk_ghost_mausoleum, vaults_room_fours,
          grunt_vaults_hallway_short, nicolae_vaults_circle_grid_b, v_misc_1,
          special_room_vaults [special_room_orc], vaults_room_corners,
          v_alt_pattern_5, vaults_dpeg_diagonal, ontoclasm_vaults_eye,
          vaults_standard_mumra_x, layout_vaults_omnicross, uniq_donald,
          uniq_jory, uniq_margery, uniq_saint_roka
Vaults:4: v_misc_13, vaults_room_door_ring, v_misc_12, st_cross,
          vaults_mumra_lcd, v_misc_18, nicolae_vaults_little_squares_6,
          v_misc_8, dpeg_vaults_monster_row, nicolae_vaults_sealed_display,
          layout_vaults_big_room, serial_shops, bzr_entry_water, uniq_sojobo
Vaults:5
Crypt:1:  layout_gridlike, nicolae_crypt_ancient_font
Crypt:2:  layout_gridlike, amcnicky_mini_pool_small, uniq_frederick
Crypt:3:  evilmike_haunted_forest
Tomb:1
Tomb:2:   uniq_khufu
Depths:1: layout_basic, hell_entry, minmay_misc_feat_plants, lightli_minifort,
          minmay_shoptagon
Depths:2: kennysheep_green_arena, layout_gridville, rand_demon_pan_entry_5,
          kennysheep_flooded_box, abyss_entry_crystal,
          grunt_hell_entry_dis_grunt, minmay_strange_pillars,
          amcnicky_mini_corridor_feature, wad_floor_pattern_untrapped,
          solitary_fountain, infiniplex_staircase_split_hallway
Depths:3: nicolae_legendary_halls, layout_small_grid, ebering_ghost_inner_flame,
          hell_entry, marbit_kobold_abyss_entry,
          infiniplex_staircase_hallway_doors
Depths:4: grunt_crosshair, layout_basic, enter_ziggurat_d, lightli_too_deep,
          grunt_pan_entry_in_and_out
Zot:1:    layout_twisted_circle, uniq_tiamat
Zot:2:    layout_basic
Zot:3:    layout_cathedral_of_symmetry
Zot:4:    layout_cellular_growth
Zot:5:    layout_misc_corridors

Skill      XL: |  1  2  3  4  5  6  7  8  9 10 11 12 13 14 15 16 17 18 19 20 21 22 23 24 25 26 27 |
---------------+----------------------------------------------------------------------------------+-----
Spellcasting   | 5 6 7 8 9 10 11 12 13 14 15 16 17 18 19 | 19.8
Invocations    | 1 2 3 4 5 6 7 8 9 10 11 12 13 14 15 16 17 18 19 20 | 20.8
Fighting       | 1 2 3 4 5 6 7 8 9 10 11 12 13 14 15 16 17 18 19 | 19.3
Short Blades   | 1 2 3 4 5 6 7 8 9 10 11 12 13 14 15 16 17 18 19 | 19.3
Long Blades    | 1 2 3 4 5 6 7 8 9 10 11 12 13 14 15 16 17 18 19 | 19.3
Axes           | 1 2 3 4 5 6 7 8 9 10 11 12 13 14 15 16 17 18 19 | 19.3
Maces & Flails | 1 2 3 4 5 6 7 8 9 10 11 12 13 14 15 16 17 18 19 | 19.3
Polearms       | 1 2 3 4 5 6 7 8 9 10 11 12 13 14 15 16 17 18 19 | 19.3
Staves         | 1 2 3 4 5 6 7 8 9 10 11 12 13 14 15 16 17 18 19 | 19.3
Slings         | 1 2 3 4 5 6 7 8 9 10 11 12 13 14 15 16 17 18 19 | 19.3
Bows           | 1 2 3 4 5 6 7 8 9 10 11 12 13 14 15 16 17 18 19 | 19.3
Crossbows      | 1 2 3 4 5 6 7 8 9 10 11 12 13 14 15 16 17 18 19 | 19.3
Throwing       | 1 2 3 4 5 6 7 8 9 10 11 12 13 14 15 16 17 18 19 | 19.3
Armour         | 1 2 3 4 5 6 7 8 9 10 11 12 13 14 15 16 17 18 19 | 19.3
Shields        | 1 2 3 4 5 6 7 8 9 10 11 12 13 14 15 16 17 18 19 | 19.3
Unarmed Combat | 1 2 3 4 5 6 7 8 9 10 11 12 13 14 15 16 17 18 19 | 19.3
Evocations     | 1 2 3 4 5 6 7 8 9 10 11 12 13 14 15 16 17 18 19 | 19.3
Conjurations   | 1 2 3 4 5 6 7 8 9 10 11 12 13 14 15 16 | 16.4
Hexes          | 1 2 3 4 5 6 7 8 9 10 11 12 13 14 15 16 | 16.4
Summonings     | 1 2 3 4 5 6 7 8 9 10 11 12 13 14 15 17 | 17.0
Necromancy     | 1 2 3 4 5 6 7 8 9 10 11 12 13 14 15 16 | 16.4
Translocations | 1 2 3 4 5 6 7 8 9 10 11 12 13 14 15 16 | 16.4
Transmutations | 1 2 3 4 5 6 7 8 9 10 11 12 13 14 15 16 | 16.4
Fire Magic     | 1 2 3 4 5 6 7 8 9 10 11 12 13 14 15 16 | 16.4
Air Magic      | 1 2 3 4 5 6 7 8 9 10 11 12 13 14 15 16 | 16.4
Earth Magic    | 1 2 3 4 5 6 7 8 9 10 11 12 13 14 15 16 | 16.4
Poison Magic   | 1 2 3 4 5 6 7 8 9 10 11 12 13 14 15 16 17 19 | 19.0
Dodging        | 5 6 7 8 9 10 11 12 13 14 15 16 17 18 19 | 19.7
Stealth        | 5 6 7 8 9 10 11 12 13 14 15 16 17 18 19 | 19.7
Ice Magic      | 8 9 10 11 12 13 14 15 16 17 | 17.7

Action                   |  1- 3 |  4- 6 |  7- 9 | 10-12 | 13-15 | 16-18 | 19-21 | 22-24 | 25-27 || total
-------------------------+-------+-------+-------+-------+-------+-------+-------+-------+-------++-------
Melee: Hand axe          |       |     4 |       |       |       |       |       |       |       ||     4
       Bite              |       |     4 |     3 |    61 |   395 |   254 |   247 |   245 |   576 ||  1785
       Dagger            |       |    35 |    31 |   223 |  1386 |   208 |       |       |       ||  1883
       Punch             |       |       |     1 |    14 |       |       |       |       |       ||    15
       Staff             |       |       |       |       |       |   785 |   233 |       |       ||  1018
       Eveningstar       |       |       |       |       |       |     1 |    24 |       |       ||    25
       Morningstar       |       |       |       |       |       |       |   682 |  1020 |  2082 ||  3784
       Unarmed           |       |       |       |       |       |       |       |       |    83 ||    83
 Fire: Hand crossbow     |       |       |       |       |     6 |    32 |    23 |       |       ||    61
Throw: Dart              |       |     9 |    23 |    59 |    65 |    65 |    71 |   103 |    94 ||   489
       Javelin           |       |       |       |       |     3 |       |       |       |    29 ||    32
       Boomerang         |       |       |       |       |       |       |       |       |     5 ||     5
 Cast: Freeze            |    52 |    72 |    66 |    72 |   131 |     7 |       |       |       ||   400
       Frozen Ramparts   |     2 |    12 |    18 |    37 |    82 |    64 |    41 |    50 |    62 ||   368
       Shock             |       |       |    81 |   178 |   109 |    51 |     2 |     8 |    15 ||   444
       Hailstorm         |       |       |     4 |     1 |    29 |    19 |    13 |    16 |     7 ||    89
       Summon Guardian G |       |       |     3 |    42 |    36 |    24 |     6 |     7 |    13 ||   131
       Ozocubu's Armour  |       |       |       |     5 |    23 |    21 |    10 |     4 |       ||    63
       Airstrike         |       |       |       |       |     9 |    36 |    27 |    31 |    59 ||   162
       Summon Lightning  |       |       |       |       |       |    66 |    40 |    61 |    71 ||   238
       Borgnjor's Vile C |       |       |       |       |       |    36 |    42 |    72 |    75 ||   225
       Alistair's Intoxi |       |       |       |       |       |     8 |    17 |    11 |    13 ||    49
       Spellforged Servi |       |       |       |       |       |     6 |    27 |    15 |    90 ||   138
       Yara's Violent Un |       |       |       |       |       |       |       |       |    32 ||    32
       Enfeeble          |       |       |       |       |       |       |       |       |    23 ||    23
       Lehudib's Crystal |       |       |       |       |       |       |       |       |    19 ||    19
Invok: Bend Time         |       |       |     1 |       |       |     1 |     1 |       |     1 ||     4
       Slouch            |       |       |       |       |     1 |       |     2 |     4 |     6 ||    13
       Temporal Distorti |       |       |       |       |       |       |       |     1 |       ||     1
       Step From Time    |       |       |       |       |       |       |       |       |     4 ||     4
 Abil: Evoke Blink       |       |       |       |       |       |       |       |     1 |       ||     1
Evoke: Tin of tremorston |       |       |       |     2 |     3 |     2 |     4 |     2 |     1 ||    14
       Condenser vane    |       |       |       |       |     1 |     1 |     2 |     6 |     3 ||    13
       Wand              |       |       |       |       |       |     2 |     6 |    18 |     9 ||    35
       Box of beasts     |       |       |       |       |       |     2 |     3 |     6 |     6 ||    17
       Lightning rod     |       |       |       |       |       |       |    13 |    13 |     8 ||    34
       Phantom mirror    |       |       |       |       |       |       |     1 |     3 |     5 ||     9
       Phial of floods   |       |       |       |       |       |       |       |     3 |     7 ||    10
  Use: Scroll            |       |    10 |     2 |     7 |    14 |    10 |     9 |    15 |    16 ||    83
       Potion            |       |       |     4 |     1 |     5 |     6 |     5 |     9 |    18 ||    48
 Stab: Sleeping          |       |     2 |     7 |    10 |    10 |    35 |    25 |    14 |    17 ||   120
       Paralysed         |       |       |     1 |       |       |       |     2 |       |       ||     3
       Invisible         |       |       |     1 |       |       |       |       |       |    10 ||    11
       Distracted        |       |       |       |     2 |     4 |    10 |    14 |    12 |    34 ||    76
       Petrified         |       |       |       |       |     1 |       |       |       |       ||     1
       Confused          |       |       |       |       |       |     2 |     3 |     6 |     1 ||    12
Armor: Robe              |     9 |    12 |     2 |       |       |       |       |       |       ||    23
       Acid dragon scale |       |       |    27 |    63 |   145 |       |       |       |       ||   235
       Leather armour    |       |       |       |       |    16 |    90 |    62 |    11 |       ||   179
       Plate armour      |       |       |       |       |       |       |       |   251 |   560 ||   811
Dodge: Dodged            |    16 |    56 |    99 |   210 |   521 |   400 |   449 |   548 |  1213 ||  3512
Block: Other             |       |       |    39 |    78 |       |       |       |       |       ||   117
       Kite shield       |       |       |       |    90 |  1285 |  1167 |  1174 |  1238 |  2265 ||  7219
       Reflection        |       |       |       |       |       |   125 |   107 |    65 |       ||   297

Table legend: (Time is in decaauts)
 A = Elapsed time spent in this place.
 B = Non-inter-level travel time spent in this place.
 C = Inter-level travel time spent in this place.
 D = Time resting spent in this place.
 E = Time spent auto-exploring this place.
 F = Levels seen in this place.
 G = Mean time per level.
                   A        B        C        D        E       F      G
               +--------+--------+--------+--------+--------+-----+--------+
         Total | 144316 | 125380 |  18936 |  33934 |  59871 |  62 | 2327.7 |
       Dungeon |  33472 |  24471 |   9001 |   6079 |  13453 |  15 | 2231.5 |
        Temple |     79 |     64 |     15 |      0 |     43 |   1 |   79.0 |
          Lair |  14537 |  12456 |   2081 |   2716 |   6172 |   6 | 2422.8 |
        Shoals |   9926 |   9135 |    791 |   2792 |   4513 |   4 | 2481.5 |
     Snake Pit |  11527 |  10734 |    793 |   3791 |   4101 |   4 | 2881.8 |
    Slime Pits |   5815 |   5452 |    363 |   1050 |   3189 |   5 | 1163.0 |
  Orcish Mines |   6021 |   5301 |    720 |   1490 |   1500 |   2 | 3010.5 |
   Elven Halls |   8297 |   7534 |    763 |   1918 |   2965 |   3 | 2765.7 |
        Vaults |  17502 |  15862 |   1640 |   4862 |   7821 |   5 | 3500.4 |
         Crypt |   6767 |   6284 |    483 |    517 |   4227 |   3 | 2255.7 |
          Tomb |   2620 |   2620 |      0 |   1035 |    947 |   2 | 1310.0 |
        Depths |  12033 |  10650 |   1383 |   2617 |   5855 |   4 | 3008.2 |
           Zot |  12893 |  11995 |    898 |   3909 |   4818 |   5 | 2578.6 |
        Bazaar |     97 |     97 |      0 |      0 |      0 |   1 |   97.0 |
         Sewer |    871 |    871 |      0 |    379 |    155 |   1 |  871.0 |
      Ice Cave |   1851 |   1851 |      0 |    776 |    110 |   1 | 1851.0 |
               +--------+--------+--------+--------+--------+-----+--------+

Top non-repeatable levels by time:
    D:11: 7073 daAuts
 Snake:4: 5058 daAuts
Vaults:1: 4466 daAuts
    D:12: 4125 daAuts
Depths:2: 3859 daAuts
   Orc:2: 3842 daAuts
 Crypt:3: 3673 daAuts
Vaults:3: 3519 daAuts
   Elf:3: 3410 daAuts
Vaults:2: 3263 daAuts
   Zot:5: 3253 daAuts
  Lair:2: 3238 daAuts
Shoals:3: 3201 daAuts
Vaults:5: 3187 daAuts
   Elf:2: 3111 daAuts
